 Dungeon Crawl Stone Soup version 0.20.0-7-g3b7b877 (webtiles) character file.

6916 smedtjen the Fighter (level 10, 0/82 HPs)
             Began as a Demonspawn Abyssal Knight on May 29, 2017.
             Was a High Priest of Lugonu.
             Slain by a large abomination (22 damage)
             ... on level 9 of the Dungeon.
             The game lasted 01:08:54 (11416 turns).

smedtjen the Fighter (Demonspawn Abyssal Knight)   Turns: 11416, Time: 01:08:54

Health: 0/82       AC: 15    Str: 15    XL:     10   Next: 79%
Magic:  12/12      EV: 12    Int: 13    God:    Lugonu [*****.]
Gold:   591        SH: 18    Dex: 14    Spells: 9/9 levels left

rFire    + + +     SeeInvis .   a - +4 war axe (drain)
rCold    . . .     Gourm    .   C - +0 large shield
rNeg     . . .     Faith    .   M - +0 fire dragon scales
rPois    .         Spirit   .   (helmet restricted)
rElec    .         Reflect  .   Q - +2 cloak
rCorr    .         Harm     .   U - +0 pair of gloves
MR       .....                  (no boots)
Stlth    ..........             (no amulet)
Regen    0.3/turn               d - ring of protection from cold
MPRegen  0.2/turn               E - +5 ring of evasion

@: no status effects
A: antennae 1, large bone plates 3, demonic guardian 1, fire resistance 1, flame
cloud immunity
a: Depart the Abyss, Bend Space, Banish, Corrupt, Enter the Abyss, Renounce
Religion


You were on level 9 of the Dungeon.
You worshipped Lugonu.
Lugonu was extremely pleased with you.
You were not hungry.

You visited 1 branch of the dungeon, and saw 9 of its levels.
You visited the Abyss 1 time.
You also visited: Ossuary and Bailey.

You collected 591 gold pieces.

Inventory:

Hand Weapons
 a - a +4 war axe of draining (weapon)
 b - a +0 shortbow
 n - a +4 halberd of flaming
 y - a +2 quarterstaff of crushing
Missiles
 l - 169 sling bullets
 x - 77 stones (quivered)
 I - 150 arrows
Armour
 C - a +0 large shield (worn)
 M - +0 fire dragon scales (worn)
 Q - a +2 cloak (worn)
 S - a +1 shield of cold resistance
 T - a +2 ring mail of fire resistance
 U - a +0 pair of gloves (worn)
 Y - +2 steam dragon scales
Jewellery
 d - a ring of protection from cold (left hand)
 E - a +5 ring of evasion (right hand)
 W - a +2 ring of evasion
Wands
 f - a wand of paralysis (4/24)
 q - a wand of random effects (23/48)
 t - a wand of flame (19/48)
 u - a wand of confusion (29/48)
 D - a wand of lightning (9/15)
 P - a wand of polymorph (11/24)
Scrolls
 g - 3 scrolls of identify
 h - 2 scrolls of magic mapping
 m - a scroll of acquirement {unknown}
 z - 4 scrolls of blinking {unknown}
 A - a scroll of teleportation
 F - 2 scrolls of amnesia
 K - 3 scrolls of remove curse
 O - 2 scrolls of fog {unknown}
 V - 2 scrolls of enchant armour {unknown}
 X - a scroll of recharging {unknown}
Potions
 e - a potion of degeneration {unknown}
 i - 5 potions of haste
 j - 5 potions of curing
 k - 5 potions of mutation {unknown}
 o - 7 potions of heal wounds {unknown}
 r - 4 potions of agility {unknown}
 s - a potion of magic {unknown}
 v - a potion of might {unknown}
 w - 2 potions of lignification {unknown}
 B - 2 potions of ambrosia {unknown}
 N - a potion of brilliance {unknown}
Books
 Z - the Grimoire of Earth and the Entourage
   (You found it in a bailey)

   Spells                             Type                      Level
   a - Summon Small Mammal            Summoning                    1
   b - Stone Arrow                    Conjuration/Earth            3
   c - Recall                         Summoning/Translocation      3
   d - Call Canine Familiar           Summoning                    3
   e - Bolt of Magma                  Conjuration/Fire/Earth       5
   f - Summon Demon                   Summoning                    5
Comestibles
 c - 3 bread rations
 p - 3 fruits
 H - a meat ration
 L - 2 royal jellies


   Skills:
 + Level 8.6 Fighting
 + Level 7.1(7.8) Axes
   Level 4.8(6.7) Maces & Flails
 + Level 7.5 Armour
 + Level 7.1 Dodging
 - Level 0.2 Stealth
 - Level 3.0 Invocations


You had 9 spell levels left.
You didn't know any spells.

Dungeon Overview and Level Annotations

Branches:
Dungeon (9/15)             Temple (0/1) D:7
   Lair: D:8-11         Orc: D:9-12

Altars:
Cheibriados
Dithmenos
Xom

Shops:
D:4 !

Annotations:
D:5 Hook's ghost, novice DsVM


Innate Abilities, Weirdness & Mutations

You have a pair of small antennae on your head.
You are completely covered in large bone plates. (SH +8)
A weak demonic guardian rushes to your aid.
Your flesh is heat resistant. (rF+)
You are immune to clouds of flame.


Message History

The small abomination hits you!
Your iron imp completely misses the small abomination.
You block the small abomination's attack.
You hit the small abomination.
The small abomination is heavily damaged.
Your iron imp barely misses the small abomination.
The small abomination hits you but does no damage.
You slash the small abomination!
You destroy the small abomination!
Lugonu accepts your kill.
Your iron imp disappears in a puff of smoke!
Unknown command.
You slash the large abomination!
The large abomination is lightly damaged.
The large abomination hits you!!
* * * LOW HITPOINT WARNING * * *
You slash the large abomination!
The large abomination is moderately damaged.
The large abomination hits you!!
You die...

##'## ##.####.#
##...## #.# #.#
##.....## ##.####.#
#.......##
##.......#
.........#
#...######
......##########..#
......# #....#..#
#.....# #....#ยง.#
##....# #....X@.#
##...## #....#..#
##'##..{#....##.#
##.##.Xx#....##.#
#...#...'....##.#
#..##...#....##.#
#...###########.#
..... .# ##...##


You could see a large abomination.

Vanquished Creatures
  2 two-headed ogres (D:8)
  2 large abominations (D:9)
  A wizard (D:9)
  Prince Ribbit (D:5)
  A hippogriff (D:7)
  4 yaks (D:9)
  A steam dragon (D:8)
  2 water moccasins
  3 orc warriors
  An ice beast (D:5)
  2 sky beasts
  2 phantoms
  An ogre (D:5)
  3 centaurs
  A big kobold (D:7)
  5 small abominations (D:9)
  A gnoll sergeant (D:9)
  5 scorpions
  A bullfrog zombie (D:5)
  A jelly (D:7)
  2 hounds
  An orc priest (D:8)
  A bullfrog skeleton (D:6)
  6 orc wizards
  7 worker ants
  A killer bee zombie (D:5)
  7 big kobold zombies (Ossuary)
  A mummy (Ossuary)
  A worker ant zombie (D:7)
  Robin (D:3)
  5 adders
  11 gnolls
  3 shadow imps
  An ooze (D:2)
  2 adder skeletons
  4 worms
  2 dart slugs
  4 leopard geckos
  33 orcs
  4 spectral bats (Ossuary)
  4 ball pythons
  3 giant cockroaches
  5 gnoll zombies (Ossuary)
  9 goblins
  14 hobgoblins
  23 jackals
  A quokka (D:9)
  6 bats
  8 frilled lizards
  5 goblin simulacra (Ossuary)
  7 goblin zombies (Ossuary)
  2 hobgoblin zombies (Ossuary)
  4 kobolds
  2 kobold simulacra (Ossuary)
  2 kobold zombies (Ossuary)
  7 orc zombies (Ossuary)
  2 rats (D:3)
  4 rat simulacra (Ossuary)
  4 spectral goblins (Ossuary)
  4 spectral kobolds (Ossuary)
  2 spectral rats (Ossuary)
255 creatures vanquished.

Vanquished Creatures (collateral kills)
  Joseph (D:8)
  A sky beast (D:6)
  A hornet zombie (D:6)
  A bullfrog (D:7)
  A small abomination (D:9)
  A centaur skeleton (D:4)
  A centaur zombie (D:6)
  A gnoll shaman (D:7)
  A worker ant (D:5)
  A gnoll (D:7)
  2 orcs
  A hobgoblin (D:5)
13 creatures vanquished.

Grand Total: 268 creatures vanquished

Notes
Turn   | Place    | Note
-------+----------+-------------------------------------------
     0 | Abyss:1  | smedtjen the Demonspawn Abyssal Knight began the quest for the Orb.
     0 | Abyss:1  | Reached XP level 1. HP: 18/18 MP: 2/2
    89 | Abyss:1  | Noticed an iron imp
    89 | D:1      | Escaped the Abyss
   170 | D:1      | Reached * piety under Lugonu
   179 | D:1      | Reached skill level 1 in Dodging
   242 | D:1      | Gained mutation: A weak demonic guardian rushes to your aid. [demonic ancestry]
   242 | D:1      | Reached XP level 2. HP: 16/24 MP: 3/3
  1350 | D:2      | Gained mutation: You have a pair of small antennae on your head. [demonic ancestry]
  1350 | D:2      | Reached XP level 3. HP: 29/29 MP: 5/5
  2725 | D:3      | Gained mutation: You are partially covered in large bone plates. (SH +4) [demonic ancestry]
  2725 | D:3      | Reached XP level 4. HP: 32/35 MP: 6/6
  2869 | D:3      | Reached ** piety under Lugonu
  2965 | D:3      | Noticed Robin
  2972 | D:3      | Killed Robin
  2972 | D:3      | Reached skill level 1 in Maces & Flails
  3729 | D:4      | Found Qobbata's Distillery.
  3807 | D:4      | Reached XP level 5. HP: 40/42 MP: 7/7
  4008 | D:4      | Reached skill level 4 in Fighting
  4215 | D:5      | Entered Level 5 of the Dungeon
  4356 | D:5      | Found a sand-covered staircase.
  4361 | Ossuary  | Entered an ossuary
  4494 | Ossuary  | Reached *** piety under Lugonu
  4547 | Ossuary  | Gained mutation: Your flesh is heat resistant. (rF+) [demonic ancestry]
  4547 | Ossuary  | Reached XP level 6. HP: 45/48 MP: 8/8
  5514 | D:5      | Noticed Prince Ribbit
  5524 | D:5      | Killed Prince Ribbit
  5524 | D:5      | Gained mutation: You are mostly covered in large bone plates. (SH +6) [demonic ancestry]
  5524 | D:5      | Reached XP level 7. HP: 53/55 MP: 7/9
  5696 | D:5      | Noticed Hook's ghost (novice DsVM)
  5724 | D:5      | Reached **** piety under Lugonu
  6152 | D:5      | Reached skill level 5 in Fighting
  6284 | D:5      | Reached XP level 8. HP: 57/62 MP: 10/10
  7549 | D:7      | Noticed a hippogriff
  7561 | D:7      | Killed a hippogriff
  7561 | D:7      | Reached skill level 6 in Fighting
  7561 | D:7      | Reached skill level 5 in Armour
  7590 | D:7      | Found a shadowy altar of Dithmenos.
  7741 | D:7      | Found a staircase to the Ecumenical Temple.
  7881 | D:7      | Gained mutation: You are completely covered in large bone plates. (SH +8) [demonic ancestry]
  7881 | D:7      | Reached XP level 9. HP: 69/69 MP: 11/11
  8030 | D:7      | Reached skill level 5 in Axes
  8071 | D:7      | Found a flagged portal.
  8105 | Bailey   | Entered a bailey
  8261 | Bailey   | Reached ***** piety under Lugonu
  8401 | Bailey   | Noticed an orc knight
  8402 | Bailey   | Noticed an orc knight
  8929 | Bailey   | Identified the Grimoire of Earth and the Entourage
  9492 | D:7      | Reached skill level 5 in Dodging
  9633 | D:8      | Noticed Joseph
  9650 | D:8      | Killed Joseph
  9883 | D:8      | Noticed a two-headed ogre
  9897 | D:8      | Killed a two-headed ogre
  9897 | D:8      | Reached skill level 7 in Fighting
  9921 | D:8      | Noticed a two-headed ogre
  9948 | D:8      | Killed a two-headed ogre
  9948 | D:8      | Gained mutation: You are immune to clouds of flame. [demonic ancestry]
  9948 | D:8      | Reached XP level 10. HP: 47/79 MP: 12/12
 10548 | D:8      | Found a snail-covered altar of Cheibriados.
 10548 | D:8      | Found a shimmering altar of Xom.
 10990 | D:9      | Noticed a wizard
 10996 | D:9      | Killed a wizard
 10996 | D:9      | Reached skill level 8 in Fighting
 11012 | D:9      | Noticed a large abomination
 11012 | D:9      | Noticed a large abomination
 11024 | D:9      | Killed a large abomination
 11025 | D:9      | Noticed a large abomination
 11410 | D:9      | Killed a large abomination
 11416 | D:9      | Slain by a large abomination

Skill      XL: |  1  2  3  4  5  6  7  8  9 10 |
---------------+-------------------------------+-----
Axes           | 2 3 4 6 7 |  7.1
Dodging        | 1 2 3 4 6 7 |  7.1
Armour         | 2 3 4 5 6 7 |  7.5
Invocations    | 3 |  3.0
Maces & Flails | 1 2 3 4 |  4.8
Fighting       | 4 5 6 7 8 |  8.6
Stealth        | |  0.2

Action                   |  1- 3 |  4- 6 |  7- 9 | 10-12 || total
-------------------------+-------+-------+-------+-------++-------
Melee: Hand axe          |    51 |       |       |       ||    51
       Mace              |    86 |       |       |       ||    86
       War axe           |    13 |   306 |   271 |   179 ||   769
       Quarterstaff      |     9 |       |       |       ||     9
       Halberd           |       |       |     1 |       ||     1
Throw: Tomahawk          |     2 |     2 |     2 |       ||     6
       Stone             |       |       |    16 |     3 ||    19
Invok: Depart the Abyss  |     1 |       |       |       ||     1
       Bend Space        |       |     1 |       |       ||     1
  Use: Scroll            |     4 |     2 |    11 |     2 ||    19
       Potion            |       |       |     1 |       ||     1
 Stab: Distracted        |       |       |       |     1 ||     1
  Eat: Chunk             |     2 |     5 |     3 |     1 ||    11
       Meat ration       |     1 |     1 |     1 |     1 ||     4
       Bread ration      |       |       |     1 |       ||     1
Armor: Leather armour    |    10 |       |       |       ||    10
       Plate armour      |   110 |   148 |     5 |       ||   263
       Fire dragon scale |       |       |   104 |    25 ||   129
Dodge: Dodged            |    55 |    99 |   147 |    32 ||   333
Block: Other             |       |    52 |    15 |       ||    67
       Large shield      |       |       |   384 |   157 ||   541
